 Dungeon Crawl Stone Soup version 0.29.1-15-g9cfb28693d (webtiles) character file.

Game seed: 13919389280139879684

163 BabyfaceFinlayson the Ogre Mage (level 5, -10/45 HPs)
             Began as an Ogre Fire Elementalist on Apr 16, 2023.
             Engulfed by a cloud of flame (26 damage)
             ... on level 4 of the Dungeon.
             The game lasted 00:09:47 (3460 turns).

BabyfaceFinlayson the Ogre Mage (OgFE)              Turns: 3460, Time: 00:09:48

Health: -10/45     AC:  6    Str: 12    XL:     5   Next: 44%
Magic:  0/11       EV: 10    Int: 18    God:
Gold:   124        SH:  0    Dex:  9    Spells: 6/12 levels left

rFire   . . .      SeeInvis .   f - staff of air
rCold   . . .      Faith    .   (no shield)
rNeg    . . .      Spirit   .   a - +0 robe
rPois   .          Reflect  .   (helmet restricted)
rElec   +          Harm     .   o - +2 cloak
rCorr   .          Rampage  .   (gloves unavailable)
Will    .....                   (boots unavailable)
Stlth   +.........              g - amulet of the acrobat
HPRegen 0.15/turn               (no ring)
MPRegen 0.12/turn               (no ring)

@: very slightly contaminated
A: large, unfitting armour, tough skin 1
a: no special abilities


You were on level 4 of the Dungeon.
You visited 1 branch of the dungeon, and saw 4 of its levels.

You collected 124 gold pieces.

Inventory:

Armour
 a - a +0 robe (worn)
 o - a +2 cloak (worn)
Magical Staves
 f - a staff of air (weapon)
Jewellery
 g - an amulet of the acrobat (around neck)
Wands
 j - a wand of roots (5)
Scrolls
 c - a scroll of amnesia
 k - a scroll of magic mapping {unknown}
 l - a scroll of enchant armour {unknown}
 n - a scroll of vulnerability {unknown}
Potions
 d - 2 potions of flight {unknown}
 e - 5 potions of curing {unknown}
 h - a potion of attraction {unknown}
 m - a potion of invisibility {unknown}


   Skills:
 + Level 0.1 Fighting
 + Level 0.1 Staves
 + Level 2.1 Dodging
 + Level 1.5 Stealth
 + Level 4.2 Spellcasting
 + Level 1.3 Conjurations
 + Level 0.1 Hexes
 + Level 4.0 Fire Magic


You had 6 spell levels left.
You knew the following spells:

 Your Spells              Type           Power      Damage    Failure   Level
a - Foxfire               Conj/Fire      52%        2x1d6     4%          1
b - Scorch                Fire           36%        2d6       4%          2
c - Inner Flame           Hex/Fire       11%        N/A       19%         3

Your spell library contained the following spells:

 Spells                   Type           Power      Damage    Failure   Level
 Conjure Flame            Conj/Fire      13%        6-21      14%         3
 Flame Wave               Conj/Fire      13%        2d6       43%         4
 Corpse Rot               Necr/Pois/Air  5%         N/A       82%         4
 Dispel Undead            Necr           3%         3d7       82%         4
 Death Channel            Necr           1%         N/A       100%        6


Dungeon Overview and Level Annotations

Branches:
Dungeon (4/15)
 Temple: D:4-7

Altars:
Cheibriados
Kikubaaqudgha
Uskayaw
Zin

Shops:
D:2 [   D:3 *


Innate Abilities, Weirdness & Mutations

You are too large for most types of armour.
You have tough skin. (AC +1)


Message History

You climb downwards.
There is a stone staircase leading up here.
Casting: Inner Flame (dangerous; 19% risk of failure)
Confirm with . or Enter, or press ? or * to list all spells.
Aiming: Inner Flame (dangerous; 19% risk of failure)
Press: ? - help, Dir - move target, f - orc priest
Aim: an orc priest, wielding a +0 club (chance to affect: 60%)
The orc priest is filled with an inner flame.
Casting: Inner Flame (dangerous; 19% risk of failure)
Confirm with . or Enter, or press ? or * to list all spells.
You miscast Scorch.
You are very lightly contaminated with residual magic.
Nothing appears to happen.
Casting: Scorch (safe; 4% risk of failure)
Confirm with . or Enter, or press ? or * to list all spells.
Flames lash the worm.
The worm is moderately wounded.
The worm's fire resistance burns away.
The orc priest calls down the wrath of Beogh upon you.
You struggle to resist.
Casting: Scorch (safe; 4% risk of failure)
Confirm with . or Enter, or press ? or * to list all spells.
Flames lash the goblin.
You kill the goblin!
The orc priest hits you but does no damage.
Unknown command.
Casting: Scorch (safe; 4% risk of failure)
Confirm with . or Enter, or press ? or * to list all spells.
Flames lash the orc priest.
Flame seeps out of the orc priest.
The orc priest is heavily wounded.
The orc priest's fire resistance burns away.
The orc priest is engulfed in blazing flames.
The orc priest explodes!
The fiery explosion engulfs you!!
Ouch! That really hurt!
You hear a shout!
Your Fire Magic skill increases to level 4!
You are engulfed in blazing flames.
Ouch! That really hurt!
You die...

.............#
.............
........_...
...........
....)..(..#
....).....#
.....§§w..#
.....§○@..#
.....§§§.##
......####
..#### #


You could see a worm (combustible).

Vanquished Creatures
  A hound (D:4)
  An orc priest (D:4)
  2 adders (D:2)
  2 dart slugs
  4 orcs
  6 bats
  3 bat zombies (D:3)
  8 endoplasms
  4 giant cockroaches
  6 goblins
  3 hobgoblins
  2 jackals (D:3)
  3 quokkas (D:2)
  2 ball pythons
  6 frilled lizards
  8 kobolds
  12 rats
  2 rat zombies (D:3)
75 creatures vanquished.

Vanquished Creatures (others)
  100 foxfires
100 creatures vanquished.

Grand Total: 175 creatures vanquished

Notes
Turn   | Place    | Note
-------+----------+-------------------------------------------
     0 | D:1      | BabyfaceFinlayson the Ogre Fire Elementalist began the
                  | quest for the Orb.
     0 | D:1      | Reached XP level 1. HP: 16/16 MP: 3/3
    69 | D:1      | Reached skill level 1 in Conjurations
   235 | D:1      | Found a faded altar of an unknown god.
   323 | D:1      | Reached XP level 2. HP: 21/24 MP: 3/5
   326 | D:1      | Learned a level 2 spell: Scorch
   747 | D:1      | Reached XP level 3. HP: 31/31 MP: 5/7
   751 | D:1      | Learned a level 3 spell: Inner Flame
  1634 | D:2      | Reached XP level 4. HP: 39/39 MP: 6/8
  1755 | D:2      | Found Taofushi's Antique Armour Shoppe.
  1820 | D:2      | Found an ancient bone altar of Kikubaaqudgha.
  2150 | D:3      | Found an ancient bone altar of Kikubaaqudgha.
  2236 | D:3      | Noticed an angel
  2237 | D:3      | Found a glowing silver altar of Zin.
  2752 | D:3      | Found a snail-covered altar of Cheibriados.
  3303 | D:3      | Found Paacusih's General Store.
  3359 | D:4      | Found a hide-covered altar of Uskayaw.
  3371 | D:4      | Reached XP level 5. HP: 44/45 MP: 4/11
  3460 | D:4      | Engulfed by a cloud of flame

Illustrated notes

Levels and vault maps discovered:
D:1:      heliophobic_arrival_ceremonial_halls, layout_loops_ring,
          ebering_ecumenical_altar_box, ebering_dispersal_statue_hall,
          minmay_pentomino_s2
D:2:      layout_rooms, serial_shops, nicolae_shop_stone, basic_altar,
          hangedman_glass_teeth
D:3:      layout_basic, zin_angel, lemuel_zombie_altar_kikubaaqudgha,
          lemuel_crystal_altar, serial_shops, nicolae_lakefront_shop
D:4:      layout_cave_pods, grunt_temple_overflow_open, serial_shops, shop

Skill      XL: |  1  2  3  4  5 |
---------------+----------------+-----
Conjurations   | 1 |  1.3
Fire Magic     | 3 4 |  4.0
Dodging        | 2 |  2.1
Spellcasting   | 3 4 |  4.2
Fighting       | |  0.1
Staves         | |  0.1
Stealth        | |  1.5
Hexes          | |  0.1

Action                   |  1- 3 |  4- 6 || total
-------------------------+-------+-------++-------
Melee: Staff             |    21 |    15 ||    36
 Cast: Foxfire           |    47 |    16 ||    63
       Scorch            |     9 |    28 ||    37
       Inner Flame       |       |     2 ||     2
  Use: Scroll            |     1 |     3 ||     4
       Potion            |       |     1 ||     1
Armor: Robe              |    22 |    18 ||    40
Dodge: Dodged            |    36 |    26 ||    62
